 Dungeon Crawl Stone Soup version 0.30-a0-137-gd8773701ce (webtiles) character file.

Game seed: 8110273252510798631

94 testman the Ruffian (level 4, -2/37 HPs)
             Began as a Draconian Transmuter on Sept 21, 2022.
             Slain by an iguana (8 damage)
             ... on level 3 of the Dungeon.
             The game lasted 00:06:20 (1842 turns).

testman the Ruffian (Draconian Transmuter)          Turns: 1842, Time: 00:06:20

Health: -2/37      AC:  5    Str: 13    XL:     4   Next: 38%
Magic:  5/7        EV: 12    Int: 15    God:
Gold:   122        SH:  0    Dex: 11    Spells: 4/7 levels left

rFire   . . .      SeeInvis .      - Unarmed
rCold   . . .      Faith    .    (no shield)
rNeg    . . .      Spirit   .    (body armour unavailable)
rPois   .          Reflect  .    (helmet restricted)
rElec   .          Harm     .    (no cloak)
rCorr   .          Rampage  .    (no gloves)
Will    +....                    (no boots)
Stlth   +.........               (no amulet)
HPRegen 0.12/turn                i - ring of willpower
MPRegen 0.10/turn                (no ring)

@: wereblooded
A: AC +5, unfitting armour, cold-blooded
a: no special abilities


You were on level 3 of the Dungeon.
You visited 1 branch of the dungeon, and saw 3 of its levels.

You collected 122 gold pieces.

Inventory:

Missiles
 o - 2 throwing nets
Jewellery
 i - a ring of willpower (left hand)
 l - a ring of positive energy
Scrolls
 b - a scroll of summoning {unknown}
 c - 3 scrolls of fear {unknown}
 e - 4 scrolls of identify {unknown}
 g - a scroll of noise {unknown}
 j - a scroll of poison {unknown}
 m - a scroll of fog {unknown}
 n - 2 scrolls of vulnerability {unknown}
Potions
 a - a potion of lignification
 d - a potion of heal wounds {unknown}
 f - 2 potions of attraction {unknown}
 h - 2 potions of curing {unknown}
 k - a potion of mutation {unknown}


   Skills:
 + Level 2.9 Fighting
 - Level 1.7 Dodging
 + Level 4.0 Unarmed Combat
 - Level 2.0 Spellcasting
 + Level 2.9 Transmutations


You had 4 spell levels left.
You knew the following spells:

 Your Spells              Type           Power      Damage    Failure   Level
a - Beastly Appendage     Tmut           20%        N/A       7%          1
b - Wereblood             Tmut           10%        N/A       11%         2

Your spell library contained the following spells:

 Spells                   Type           Power      Damage    Failure   Level
 Sublimation of Blood     Necr           1%         N/A       32%         2
 Spider Form              Tmut/Pois      5%         N/A       36%         3
 Ice Form                 Ice/Tmut       5%         N/A       77%         4
 Summon Hydra             Summ           0%         N/A       100%        7


Dungeon Overview and Level Annotations

Branches:
Dungeon (3/15)

Altars:


Innate Abilities, Weirdness & Mutations

Your plain brown scales are hard. (AC +5)
You cannot fit into any form of body armour.
You are cold-blooded and may be slowed by cold attacks.


Message History

The hobgoblin hits you but does no damage.
You closely miss the kobold. You claw the kobold.
The kobold is moderately wounded.
Your horns disappear.
Your talons disappear.
The iguana bites you! The hobgoblin hits you.
The kobold hits you but does no damage.
You hit the kobold.
You feel a bit better.
You kill the kobold!
You hit the hobgoblin.
The hobgoblin is moderately wounded.
You howl as the wereblood boils in your veins!
The hobgoblin barely misses you.
The ball python bites you but does no damage.
The ball python barely misses you.
The iguana bites you but does no damage.
You hit the hobgoblin.
You feel a bit better.
You kill the hobgoblin!
The ball python closely misses you. The ball python grabs you.
The ball python constricts you. The iguana bites you!
Your Unarmed Combat skill increases to level 4!
You barely miss the ball python.
You tail-slap the ball python, but do no damage.
The ball python closely misses you. The ball python constricts you.
The iguana bites you but does no damage.
You hit the ball python.
You feel a bit better.
You kill the ball python!
The iguana bites you!
* * * LOW HITPOINT WARNING * * *
You hit the iguana.
The iguana is moderately wounded.
You howl as the wereblood boils in your veins!
The iguana closely misses you.
You barely miss the iguana.
Your tail-slap misses the iguana.
The iguana is moderately wounded.
The iguana bites you but does no damage.
You hit the iguana.
The iguana is heavily wounded.
A rat comes into view.
The iguana bites you!
You die...

#..# ...### #.##
.......
####.#####.......
#..[.............
#..##............
#.##...........###
#..).......[....?#
...##......>...##
...........@)(.# #
#.).....l.......r
#.##.......#####.
#. #......## #
#.......#
#........
#.......#
........#


You could see an iguana and a rat (wandering).

Vanquished Creatures
  4 gnolls (D:2)
  2 worms (D:2)
  A dart slug (D:2)
  An orc (D:3)
  3 endoplasms
  2 giant cockroaches (D:1)
  3 goblins
  2 hobgoblins
  8 kobolds
  5 quokkas
  4 ball pythons
  6 bats
  A frilled lizard (D:2)
  5 rats
47 creatures vanquished.

Notes
Turn   | Place    | Note
-------+----------+-------------------------------------------
     0 | D:1      | testman the Draconian Transmuter began the quest for the
                  | Orb.
     0 | D:1      | Reached XP level 1. HP: 16/16 MP: 3/3
   187 | D:1      | Reached XP level 2. HP: 24/24 MP: 5/5
   190 | D:1      | Learned a level 2 spell: Wereblood
   991 | D:2      | Found a faded altar of an unknown god.
  1179 | D:2      | Reached XP level 3. HP: 23/29 MP: 2/6
  1602 | D:2      | Reached XP level 4. HP: 22/37 MP: 2/7
  1838 | D:3      | Reached skill level 4 in Unarmed Combat
  1842 | D:3      | Slain by an iguana

Illustrated notes

Levels and vault maps discovered:
D:1:      spicycebolla_arrival_clurvy, layout_basic
D:2:      layout_basic, ebering_ecumenical_altar_hall
D:3:      layout_rooms, old_standard_altar, serial_shops, shop, serial_aquarium,
          aquarium_bridge_long_separate [aquarium_subvault_bridge,
          aquarium_subvault_wall, aquarium_subvault_bridge,
          aquarium_subvault_window, aquarium_subvault_bridge,
          aquarium_subvault_wall], aquarium_bridge_straight
          [aquarium_subvault_bridge, aquarium_subvault_window,
          aquarium_subvault_bridge, aquarium_subvault_wall],
          aquarium_window_corner, aquarium_window_1, aquarium_window_1,
          aquarium_window_2, aquarium_view_2g, aquarium_balcony_1a,
          aquarium_pool_side, minmay_misc_feat_columns, minmay_checkerbox

Skill      XL: |  1  2  3  4 |
---------------+-------------+-----
Fighting       | 2 |  2.9
Unarmed Combat | 4 |  4.0
Dodging        | |  1.7
Spellcasting   | |  2.0
Transmutations | |  2.9

Action                   |  1- 3 |  4- 6 || total
-------------------------+-------+-------++-------
Melee: Unarmed           |   111 |    24 ||   135
       Tailslap          |    12 |     2 ||    14
       Kick              |    14 |     7 ||    21
       Headbutt          |     6 |     2 ||     8
       Punch             |     3 |     2 ||     5
 Cast: Beastly Appendage |    21 |     2 ||    23
       Wereblood         |     4 |     1 ||     5
Armor: Skin              |    35 |    10 ||    45
Dodge: Dodged            |    64 |    16 ||    80

Table legend: (Time is in decaauts)
 A = Elapsed time spent in this place.
 B = Non-inter-level travel time spent in this place.
 C = Inter-level travel time spent in this place.
 D = Time resting spent in this place.
 E = Time spent auto-exploring this place.
 F = Levels seen in this place.
 G = Mean time per level.
                   A        B        C        D        E       F      G
               +--------+--------+--------+--------+--------+-----+--------+
         Total |   1830 |   1812 |     18 |      0 |   1512 |   3 |  610.0 |
       Dungeon |   1830 |   1812 |     18 |      0 |   1512 |   3 |  610.0 |
               +--------+--------+--------+--------+--------+-----+--------+

Top non-repeatable levels by time:
     D:1: 953 daAuts
     D:2: 778 daAuts
     D:3: 98 daAuts
